 Dungeon Crawl Stone Soup version 0.30-a0-269-gf0224bf7b6 (webtiles) character file.

Game seed: 10396175049032856342

148 brightshaft the Chopper (level 5, -2/47 HPs)
             Began as a Gnoll Cinder Acolyte on Oct 14, 2022.
             Was a High Priest of Ignis.
             Slain by a black bear (4 damage)
             ... on level 4 of the Dungeon.
             The game lasted 00:03:13 (2230 turns).

brightshaft the Chopper (Gnoll Cinder Acolyte)      Turns: 2230, Time: 00:03:14

Health: -2/47      AC:  4    Str: 14    XL:     5   Next: 30%
Magic:  5/9        EV: 11    Int: 15    God:    Ignis [*****.]
Gold:   63         SH:  0    Dex:  7    Spells: 8/10 levels left

rFire   + . .      SeeInvis .    a - -1 hand axe (flame)
rCold   . . .      Faith    .    (no shield)
rNeg    . . .      Spirit   .    d - +0 leather armour
rPois   .          Reflect  .    (no helmet)
rElec   .          Harm     .    (no cloak)
rCorr   .          Rampage  .    (no gloves)
Will    .....                    g - +0 pair of boots
Stlth   +.........               (no amulet)
HPRegen 0.27/turn                (no ring)
MPRegen 0.11/turn                (no ring)

@: no status effects
A: fangs 1, strong nose, distributed training
a: Renounce Religion, Fiery Armour, Foxfire Swarm, Rising Flame


You were on level 4 of the Dungeon.
You worshipped Ignis.
Ignis was extremely pleased with you.
You visited 1 branch of the dungeon, and saw 3 of its levels.

You collected 63 gold pieces.

Inventory:

Hand Weapons
 a - a -1 hand axe of flaming (weapon)
Armour
 b - a +0 robe
 d - a +0 leather armour (worn)
 g - a +0 pair of boots (worn)
 j - a +0 scale mail
Scrolls
 c - a scroll of identify {@r1}
 e - 4 scrolls of teleportation {@r4}
 h - a scroll of butterflies
Potions
 f - a potion of mutation
 i - a potion of might {unknown}
 k - a potion of flight {unknown}


   Skills:
 + Level 6.7 Fighting
 + Level 1.5 Short Blades
 + Level 1.5 Long Blades
 + Level 6.7 Axes
 + Level 1.5 Maces & Flails
 + Level 1.5 Polearms
 + Level 1.5 Staves
 + Level 1.5 Ranged Weapons
 + Level 1.5 Throwing
 + Level 1.5 Armour
 + Level 1.5 Dodging
 + Level 1.5 Stealth
 + Level 1.5 Shields
 + Level 1.5 Unarmed Combat
 + Level 3.2 Spellcasting
 + Level 1.2 Conjurations
 + Level 1.2 Hexes
 + Level 1.2 Summonings
 + Level 1.2 Necromancy
 + Level 1.2 Translocations
 + Level 1.2 Transmutations
 + Level 5.5 Fire Magic
 + Level 1.2 Ice Magic
 + Level 1.2 Air Magic
 + Level 1.2 Earth Magic
 + Level 1.2 Poison Magic
 + Level 1.7 Invocations
 + Level 1.5 Evocations


You had 8 spell levels left.
You knew the following spells:

 Your Spells              Type           Power      Damage    Failure   Level
a - Scorch                Fire           38%        2d6       3%          2

Your spell library contained the following spells:

 Spells                   Type           Power      Damage    Failure   Level
 Kiss of Death            Conj/Necr      24%        2d7       14%         1
 Sting                    Tmut/Pois      24%        1d4       14%         1
 Poisonous Vapours        Pois/Air       12%        N/A       22%         2
 Confusing Touch          Hex            6%         N/A       41%         3
 Portal Projectile        Hex/Tloc       12%        N/A       41%         3
 Tukima's Dance           Hex            6%         N/A       41%         3
 Dispel Undead            Necr           6%         3d8       82%         4
 Olgreb's Toxic Radiance  Pois           6%         N/A       82%         4
 Blade Hands              Tmut           3%         N/A       99%         5


Dungeon Overview and Level Annotations

Branches:
Dungeon (2/15)

Altars:


Innate Abilities, Weirdness & Mutations

You have very sharp teeth.
Your uncanny sense of smell can sniff out nearby items.
Your experience applies equally to all skills.


Message History

You are no longer poisoned.
HP restored.
Magic restored.
k - a bubbling purple potion A black bear comes into view.
Flames lash the black bear.
The black bear is moderately wounded.
The black bear's fire resistance burns away.
The black bear bites you. The black bear claws you. x2
Flames lash the black bear.
The black bear is burned terribly!
The black bear is severely wounded.
The black bear bites you!
The black bear claws you but does no damage.
The black bear barely misses you.
You are too injured to fight recklessly!
You are too injured to fight recklessly!
You are too injured to fight recklessly!
You are too injured to fight recklessly!
You are too injured to fight recklessly!
You are too injured to fight recklessly!
You hit the black bear but do no damage.
The black bear is severely wounded.
The black bear bites you but does no damage.
The black bear claws you. x2
You closely miss the black bear.
The black bear is severely wounded.
You hit the black bear. You burn the black bear.
The black bear is almost dead.
The black bear goes berserk!
You barely miss the black bear.
The black bear is almost dead.
The black bear closely misses you. The black bear claws you. x2
The black bear misses you. The black bear claws you. x2
* * * LOW HITPOINT WARNING * * *
You hit the black bear. You burn the black bear.
The black bear is almost dead.
The black bear bites you!
* * * LOW HITPOINT WARNING * * *
The black bear barely misses you. The black bear claws you.
You die...

#.##.#.####
######.##.#.....
...##(#.....#
####.##......#
#............#
#.##.##.##.#)#
#.##.##......#
#.###.##.#####.###
#..h@....# ##'##
#.........###...##
#..##.##..##.....##
#..
..##..#.......## #.
..# ...........# #.
...............+ #
................#
.....#.......##
...##.....##


You could see a black bear (berserk, combustible).

Vanquished Creatures
  A scorpion (D:4)
  Terence (D:2)
  A gnoll (D:2)
  An adder (D:2)
  A dart slug (D:1)
  2 endoplasms
  4 giant cockroaches
  7 goblins
  4 hobgoblins
  6 kobolds
  A quokka (D:2)
  7 ball pythons
  4 bats
  4 frilled lizards
  4 rats
48 creatures vanquished.

Notes
Turn   | Place    | Note
-------+----------+-------------------------------------------
     0 | D:1      | brightshaft the Gnoll Cinder Acolyte began the quest for
                  | the Orb.
     0 | D:1      | Reached XP level 1. HP: 23/23 MP: 4/4
   140 | D:1      | Reached XP level 2. HP: 29/29 MP: 5/5
   143 | D:1      | Learned a level 2 spell: Scorch
   416 | D:1      | Found a faded altar of an unknown god.
   912 | D:1      | Reached XP level 3. HP: 31/35 MP: 7/7
  1298 | D:2      | Reached skill level 1 in Invocations
  1554 | D:2      | Noticed Terence
  1559 | D:2      | Killed Terence
  1560 | D:2      | Reached skill level 1 in Short Blades
  1560 | D:2      | Reached skill level 1 in Long Blades
  1560 | D:2      | Reached skill level 1 in Maces & Flails
  1560 | D:2      | Reached skill level 1 in Polearms
  1560 | D:2      | Reached skill level 1 in Staves
  1560 | D:2      | Reached skill level 1 in Ranged Weapons
  1560 | D:2      | Reached skill level 1 in Throwing
  1560 | D:2      | Reached skill level 1 in Armour
  1560 | D:2      | Reached skill level 1 in Dodging
  1560 | D:2      | Reached skill level 1 in Stealth
  1560 | D:2      | Reached skill level 1 in Shields
  1560 | D:2      | Reached skill level 1 in Unarmed Combat
  1560 | D:2      | Reached skill level 1 in Evocations
  1560 | D:2      | Reached XP level 4. HP: 41/41 MP: 1/8
  1684 | D:2      | Reached skill level 1 in Conjurations
  1684 | D:2      | Reached skill level 1 in Hexes
  1684 | D:2      | Reached skill level 1 in Summonings
  1684 | D:2      | Reached skill level 1 in Necromancy
  1684 | D:2      | Reached skill level 1 in Translocations
  1684 | D:2      | Reached skill level 1 in Transmutations
  1684 | D:2      | Reached skill level 1 in Ice Magic
  1684 | D:2      | Reached skill level 1 in Air Magic
  1684 | D:2      | Reached skill level 1 in Earth Magic
  1684 | D:2      | Reached skill level 1 in Poison Magic
  1955 | D:2      | Identified the +9 battleaxe of the Blushing Eel {antimagic,
                  | Int+8}
  2116 | D:2      | You fall into a shaft and drop 2 floors!
  2128 | D:4      | Noticed a scorpion
  2133 | D:4      | Killed a scorpion
  2134 | D:4      | Reached XP level 5. HP: 38/47 MP: 0/9
  2222 | D:4      | Noticed a black bear
  2230 | D:4      | HP: 2/47 [black bear (12)]
  2230 | D:4      | Slain by a black bear

Illustrated notes

Levels and vault maps discovered:
D:1:      saegor_arrival_miasma, layout_loops_corners,
          shapermc_ecumenical_altar_mp_vishouse
D:2:      layout_basic, minmay_heptomino_h4, uniq_terence
D:4:      layout_loops_corners, minmay_temple_entry_mist, uniq_blork_the_orc

Skill      XL: |  1  2  3  4 |
---------------+-------------+-----
Invocations    | 1 |  1.7
Short Blades   | 1 |  1.5
Long Blades    | 1 |  1.5
Maces & Flails | 1 |  1.5
Polearms       | 1 |  1.5
Staves         | 1 |  1.5
Ranged Weapons | 1 |  1.5
Throwing       | 1 |  1.5
Armour         | 1 |  1.5
Dodging        | 1 |  1.5
Stealth        | 1 |  1.5
Shields        | 1 |  1.5
Unarmed Combat | 1 |  1.5
Evocations     | 1 |  1.5
Spellcasting   | 3 |  3.2
Conjurations   | 1 |  1.2
Hexes          | 1 |  1.2
Summonings     | 1 |  1.2
Necromancy     | 1 |  1.2
Translocations | 1 |  1.2
Transmutations | 1 |  1.2
Ice Magic      | 1 |  1.2
Air Magic      | 1 |  1.2
Earth Magic    | 1 |  1.2
Poison Magic   | 1 |  1.2
Fighting       | |  6.7
Axes           | |  6.7
Fire Magic     | |  5.5

Action                   |  1- 3 |  4- 6 || total
-------------------------+-------+-------++-------
Melee: Hand axe          |    86 |    26 ||   112
       Bite              |     7 |     3 ||    10
       Punch             |     1 |       ||     1
 Cast: Scorch            |    12 |    12 ||    24
  Use: Scroll            |     3 |       ||     3
Armor: Robe              |     3 |       ||     3
       Leather armour    |    22 |     9 ||    31
Dodge: Dodged            |    48 |    22 ||    70

Table legend: (Time is in decaauts)
 A = Elapsed time spent in this place.
 B = Non-inter-level travel time spent in this place.
 C = Inter-level travel time spent in this place.
 D = Time resting spent in this place.
 E = Time spent auto-exploring this place.
 F = Levels seen in this place.
 G = Mean time per level.
                   A        B        C        D        E       F      G
               +--------+--------+--------+--------+--------+-----+--------+
         Total |   2227 |   2162 |     65 |      0 |   1822 |   3 |  742.3 |
       Dungeon |   2227 |   2162 |     65 |      0 |   1822 |   3 |  742.3 |
               +--------+--------+--------+--------+--------+-----+--------+

Top non-repeatable levels by time:
     D:1: 1170 daAuts
     D:2: 942 daAuts
     D:4: 113 daAuts
